 Seeded DCSS version 0.29.1 (webtiles) character file.

Game seed: 6634045960927620470 (custom seed)

7 Iusername the Covered (level 1, -1/20 HPs)
             Began as a Minotaur Fighter on Sept 13, 2022.
             Frozen to death by an endoplasm (2 damage)
             ... on level 1 of the Dungeon.
             The game lasted 00:00:11 (42 turns).

Iusername the Covered (Minotaur Fighter)              Turns: 42, Time: 00:00:12

Health: -1/20      AC:  7    Str: 20    XL:     1   Next: 83%
Magic:  0/0        EV:  9    Int:  5    God:
Gold:   7          SH:  4    Dex:  9    Spells: 0/0 levels left

rFire   . . .      SeeInvis .   a - +0 long sword
rCold   . . .      Faith    .   c - +0 buckler
rNeg    . . .      Spirit   .   b - +0 scale mail
rPois   .          Reflect  .   (helmet restricted)
rElec   .          Harm     .   (no cloak)
rCorr   .          Rampage  .   (no gloves)
Will    .....                   (no boots)
Stlth   ..........              (no amulet)
HPRegen 0.06/turn               (no ring)
MPRegen 0.07/turn               (no ring)

@: no status effects
A: horns 2, retaliatory headbutt
a: no special abilities


You were on level 1 of the Dungeon.
You visited 1 branch of the dungeon, and saw 1 of its levels.

You collected 7 gold pieces.

Inventory:

Hand Weapons
 a - a +0 long sword (weapon)
Armour
 b - a +0 scale mail (worn)
 c - a +0 buckler (worn)
Potions
 d - a potion of might


   Skills:
 + Level 3.9 Fighting
 + Level 2.4 Long Blades
 + Level 3.9 Armour
 + Level 3.7 Shields


You couldn't memorise any spells.
You didn't know any spells.
Your spell library was empty.

Dungeon Overview and Level Annotations

Branches:
Dungeon (1/15)

Altars:


Innate Abilities, Weirdness & Mutations

You have a pair of horns on your head.
You reflexively headbutt those who attack you in melee.


Message History

The giant cockroach bites you but does no damage.
The jackal bites you but does no damage.
You barely miss the jackal.
The giant cockroach completely misses you.
The jackal bites you but does no damage.
The giant cockroach barely misses you. The jackal closely misses you.
You barely miss the jackal. The jackal closely misses you.
The giant cockroach barely misses you. The jackal barely misses you.
You furiously retaliate!
You headbutt the jackal. The giant cockroach closely misses you.
You furiously retaliate!
You headbutt the giant cockroach. You slash the jackal!
You kill the jackal!
The giant cockroach closely misses you.
You hit the endoplasm.
The endoplasm is heavily wounded.
You block the giant cockroach's attack. The endoplasm hits you.
* * * LOW HITPOINT WARNING * * *
The giant cockroach bites you but does no damage.
You barely miss the endoplasm. Your headbutt misses the endoplasm.
The endoplasm is heavily wounded.
The endoplasm hits you but does no damage.
The giant cockroach completely misses you.
You furiously retaliate!
You headbutt the giant cockroach.
You kill the giant cockroach!
The endoplasm hits you but does no damage.
You barely miss the endoplasm.
The endoplasm is heavily wounded.
The endoplasm freezes you.
You are frozen.
* * * LOW HITPOINT WARNING * * *
You barely miss the endoplasm.
The endoplasm is heavily wounded.
The endoplasm closely misses you. You furiously retaliate!
You headbutt the endoplasm. You hit the endoplasm but do no damage.
The endoplasm is almost dead.
The endoplasm freezes you.
You are frozen.
You die...

[.. #.# #.# ## #.# ..##
#.# ## ..P##### #.# ..
P....~~### ###.##.#...
.P~~~.~..## ##..@J......
.P.......P###....####$..
~~P.......##............
P...P..[......##........
P.............##########
..P~~...PP~..##
~..P...~.....#
.~P..~......##
..~.~..P##..#


You could see an endoplasm.

Vanquished Creatures
  A giant cockroach (D:1)
  4 jackals (D:1)
5 creatures vanquished.

Notes
Turn   | Place    | Note
-------+----------+-------------------------------------------
     0 | D:1      | Iusername the Minotaur Fighter began the quest for the Orb.
     0 | D:1      | Reached XP level 1. HP: 19/19 MP: 0/0
    40 | D:1      | HP: 1/20 [frozen (5)]
    42 | D:1      | Frozen to death by an endoplasm

Illustrated notes

Levels and vault maps discovered:
D:1:      lemuel_arrival_muddy, layout_loops_ring, shapermc_ecumenical_altar_gd,
          serial_glass, glass_columns_a, glass_columns_b, glass_columns_c,
          glass_columns_b, glass_columns_b, glass_columns_a, glass_columns_b,
          glass_columns_a, item_on_display_a

Action                   || total
-------------------------++-------
Melee: Long sword        ||    15
       Headbutt          ||     1
Armor: Scale mail        ||    10
Dodge: Dodged            ||    15
Block: Buckler           ||     4
